Cogmind - Beta 15 @@@ ROGUE MODE // 2025.09.27 @ 14:01:40 Player: Shifty Result: Destroyed by D-53 Grenadier with Mini Grenade Launcher Performance ------------- Evolutions (0) 0 Regions Visited (2) 400 Robots Destroyed (5) 25 Value Destroyed (62) 62 Prototype IDs (0) 0 Alien Tech Used (0) 0 Bonus (0) 0 TOTAL SCORE: 487 Bonus ------- None Cogmind --------- Core Integrity 0/250 Matter 300/300 Energy 100/100 System Corruption 0% Temperature Cool (0) Movement Rolling (100) Location -10/Mines Parts ------- > --- POWER (1) -------- (None) > --- PROPULSION (2) --- Compact Wheel > --- UTILITY (2) ------ Small Storage Unit Propulsion Shielding > --- WEAPON (2) ------- Light Assault Rifle > --- INVENTORY (8) ---- Light Ion Engine Wheel Scrap Suit Heat Sink Medium Matter Pod (100) Terrain Scanner Peak State ------------ > --- POWER ------------ Ion Engine > --- PROPULSION ------- Compact Wheel Compact Wheel > --- UTILITY ---------- Small Storage Unit Propulsion Shielding > --- WEAPON ----------- EM Pulse Gun Light Assault Rifle > --- INVENTORY -------- Light Ion Engine Scrap Suit Heat Sink Medium Matter Pod Terrain Scanner Light Assault Rifle [Rating: 8] Favorites ----------- Power Ion Engine Engine Ion Engine Propulsion Compact Wheel Wheel Compact Wheel Utility Small Storage Unit Device Terrain Scanner Storage Small Storage Unit Protection Propulsion Shielding Weapon Light Assault Rifle Energy Gun EM Pulse Gun Ballistic Gun Light Assault Rifle Build | -11 -10 -10 ------- Run | Yrd Mat Min Slots Evolved . | . . . Power . | . . . Propulsion . | . . . Utility . | . . . Weapon . | . . . Parts Attached 10 | 7 2 1 Power 1 | 1 . . Engine 1 | 1 . . Core . | . . . Reactor . | . . . Propulsion 3 | 2 . 1 Treads . | . . . Leg . | . . . Wheel 3 | 2 . 1 Hover . | . . . Flight . | . . . Utility 3 | 1 2 . Device 1 | . 1 . Storage 1 | 1 . . Processor . | . . . Hackware . | . . . Protection 1 | . 1 . Artifact . | . . . Weapon 3 | 3 . . Energy Gun 1 | 1 . . Energy Cannon . | . . . Ballistic Gun 2 | 2 . . Ballistic Cannon . | . . . Launcher . | . . . Special Weapon . | . . . Impact Weapon . | . . . Slashing Weapon . | . . . Piercing Weapon . | . . . Special Melee Weapon . | . . . Unidentified Prototypes . | . . . Parts Lost 5 | . . 5 Power 1 | . . 1 Propulsion 2 | . . 2 Utility . | . . . Weapon 2 | . . 2 Highest Loss Streak 5 | . . 5 To Critical Strikes . | . . . Average Backups 3 | 1 3 5 Power . | . 1 1 Propulsion . | . . . Utility 1 | . 1 3 Weapon . | . 1 . Tool/Special . | . . . Unused Backups 4 | . . 4 Power 1 | . . 1 Propulsion . | . . . Utility 3 | . . 3 Weapon . | . . . Tool/Special . | . . . Average Slot Usage (%) 96 | . 97 95 Engine 13 | . 14 12 Wheel 27 | . 28 25 Device 5 | . 8 . Storage 14 | . 14 14 Protection 7 | . 3 14 Energy Gun 12 | . 14 10 Ballistic Gun 14 | . 14 16 Peak Build Rating 8 | 6 7 8 Average Rating 6 | 4 6 7 On Entrance 4 | . 6 7 Naked Turns . | . . . Heaviest Build 14 | 13 14 14 Greatest Support 32 | 32 32 32 Greatest Overweight (x) . | . . . Average Overweight (x) . | . . . Largest Inventory Capacity 8 | 8 8 8 Average Capacity 7 | 6 8 8 Most Carried 8 | 2 5 8 Average Carried 3 | 1 3 6 Final Capacity 8 | 8 8 8 Final Carried 7 | 2 5 7 Class Distribution -------------------- 100% | Mutant Dominant Class ---------------- Mutant | -10/Materials Mutant | -10/Mines Resources | -11 -10 -10 ----------- Run | Yrd Mat Min Matter Collected 405 | 270 62 73 Remotely . | . . . Salvage Created 81 | . 81 . Parts 8 | . 8 . Haulers Intercepted . | . . . Recyclers Shooed . | . . . Parts Field Recycled . | . . . Retrieved Matter . | . . . Parts Self-Destructed . | . . . Prevented . | . . . Kills | -11 -10 -10 ------- Run | Yrd Mat Min Combat Hostiles Destroyed 3 | . 3 . Guns 3 | . 3 . Classes Destroyed 2 | . 2 . Watcher 2 | . 2 . Swarmer 3 | . 3 . Best Kill Streak 3 | . 3 . Combat Bots Only 3 | . 3 . Max Kills in Single Turn 1 | . 1 . Gunslinging . | . . . Exploded . | . . . Melee . | . . . Uniques/NPCs Destroyed . | . . . Combat | -11 -10 -10 -------- Run | Yrd Mat Min Hostile Shots Fired 32 | . 13 19 Missed 6 | . 2 4 Hits 26 | . 11 15 Melee 1 | . . 1 Projectile 25 | . 11 14 AOE 14 | . . 14 Damage Taken 714 | . 100 614 Core 258 | . 7 251 Absorbed by Shields . | . . . Redirected to Shielding 25 | . 6 19 Core Remaining (%) 100 | 100 . . Volleys Fired 16 | . 9 7 Largest 2 | . 2 2 Hottest 60 | . 60 60 Shots Fired 32 | . 18 14 Gun 32 | . 18 14 Cannon . | . . . Launcher . | . . . Special . | . . . Kinetic 20 | . 9 11 Thermal . | . . . Explosive . | . . . Electromagnetic 12 | . 9 3 Robot Hit Streak 5 | . 3 5 Robot Miss Streak 5 | . 2 5 Penetration Max . | . . . Secondary Targets 2 | . 2 . Max Gunslinging Chain 1 | . 1 . Shots Hit Robots 16 | . 7 9 Core Hits 8 | . 5 3 Critical Kills . | . . . Critical Parts Destroyed . | . . . Critical Strikes 1 | . 1 . Corrupt 1 | . 1 . Melee Attacks . | . . . Impact . | . . . Slashing . | . . . Piercing . | . . . Sneak Attacks . | . . . Combat Hostiles . | . . . Follow-up Attacks . | . . . Damage Inflicted 201 | . 133 68 Guns 174 | . 106 68 Cannons . | . . . Explosions 27 | . 27 . Melee . | . . . Ramming . | . . . Kinetic 63 | . 7 56 Thermal 27 | . 27 . Explosive . | . . . Electromagnetic 111 | . 99 12 Impact . | . . . Slashing . | . . . Piercing . | . . . Highest Corruption . | . . . Average Corruption . | . . . Corruption Purged . | . . . Corruption Blocked . | . . . Overload Shots . | . . . Overflow Damage . | . . . Projectiles . | . . . Explosions . | . . . Melee . | . . . Knockbacks . | . . . Impact . | . . . Kinetic . | . . . Secondary . | . . . Self-Inflicted Damage 18 | . 18 . Shots 1 | . 1 . Rammed . | . . . Targets Rammed . | . . . Kicked . | . . . Crushed . | . . . Highest Temperature 60 | . 32 60 Average Temperature 21 | . 17 30 Received Heat Transfer 40 | . . 40 Siege Activations . | . . . Martial Activations . | . . . Shielding Activations . | . . . Robots Disrupted . | . . . Combat Hostiles . | . . . Robots Corrupted . | . . . Combat Hostiles . | . . . Parts Fried . | . . . Impact Corruptions . | . . . Robots Melted . | . . . Combat Hostiles . | . . . Parts Melted . | . . . Heat Transferred 50 | . 50 . Parts Sabotaged . | . . . Parts Stolen . | . . . Parts Stripped . | . . . Power Chain Reactions 1 | . 1 . Alert | -11 -10 -10 ------- Run | Yrd Mat Min Maximum Alert Level . | . . . Low Security (%) 100 | 100 100 100 Level 1 . | . . . Level 2 . | . . . Level 3 . | . . . Level 4 . | . . . Level 5 . | . . . High Security . | . . . Max Security . | . . . Peak Influence 60 | . 60 15 Initial 15 | . . 15 Average 7 | . 11 3 Influence Increases 88 | . 88 . Destroy 0b10 Robot/C 60 | . 60 . Destroy 0b10 Robot/NC 10 | . 10 . Destroy Leader 14 | . 14 . Successful Hack 2 | . 2 . Destroy Structure 2 | . 2 . Influence Decreases 88 | . 48 40 Entered New Map 25 | . . 25 Time Decay 63 | . 48 15 Squads Dispatched . | . . . Investigation . | . . . Extermination . | . . . Reinforcement . | . . . Assault . | . . . Garrison . | . . . Intercept . | . . . Searches Triggered . | . . . Construction Impeded . | . . . Haulers Reinforced . | . . . Active Scanning Responses . | . . . Cargo Convoy Interrupts . | . . . Stealth | -11 -10 -10 --------- Run | Yrd Mat Min Distress Signals . | . . . Communications Jammed . | . . . Distress Signals . | . . . Times Spotted 15 | . 7 8 Peak Tracking Total 5 | . 3 5 Tactical Retreats . | . . . Traps | -11 -10 -10 ------- Run | Yrd Mat Min Traps Triggered . | . . . Indirectly . | . . . Trap Hack Attempts . | . . . Triggered . | . . . Disarmed . | . . . Reprogrammed . | . . . Reused . | . . . Traps Extracted . | . . . Installed . | . . . Triggered . | . . . Machines | -11 -10 -10 ---------- Run | Yrd Mat Min Machines Disabled 1 | . 1 . Max in Single Turn 1 | . 1 . Machines Repaired . | . . . Machines Dismantled . | . . . Machines Sabotaged . | . . . Overloaded Fab Kills . | . . . Hacking | -11 -10 -10 --------- Run | Yrd Mat Min Machines Accessed 2 | . 2 . Terminals 2 | . 2 . Fabricators . | . . . Repair Stations . | . . . Recycling Units . | . . . Scanalyzers . | . . . Garrison Access . | . . . Total Hacks 5 | . 5 . Successful 5 | . 5 . Failed . | . . . Catastrophic . | . . . Database Lockouts . | . . . Manual . | . . . Terminals 5 | . 5 . Fabricators . | . . . Repair Stations . | . . . Recycling Units . | . . . Scanalyzers . | . . . Garrison Access . | . . . Terminal Hacks 5 | . 5 . Record 5 | . 5 . Fabricator Hacks . | . . . Repair Station Hacks . | . . . Recycling Unit Hacks . | . . . Scanalyzer . | . . . Garrison Access Hacks . | . . . Unauthorized Hacks . | . . . Terminals . | . . . Fabricators . | . . . Repair Stations . | . . . Recycling Units . | . . . Scanalyzers . | . . . Garrison Access . | . . . Data Cores Recovered . | . . . Used . | . . . Hacking Detections . | . . . Full Trace Events . | . . . Feedback Events . | . . . Feedback Blocked . | . . . Robot Schematics Acquired . | . . . Robots Built . | . . . Authchips . | . . . Time . | . . . Total Robot Build Rating . | . . . Part Schematics Acquired . | . . . Parts Built . | . . . Authchips . | . . . Time . | . . . Total Part Build Rating . | . . . Parts Repaired . | . . . Time . | . . . Parts Recycled . | . . . Recycled Matter . | . . . Retrieved Matter . | . . . Retrieved Components . | . . . Parts Scanalyzed . | . . . Part Schematics Acquired . | . . . Parts Damaged . | . . . Bothacking | -11 -10 -10 ------------ Run | Yrd Mat Min Used RIF Installer . | . . . Robots Hacked . | . . . Non-combat . | . . . Combat . | . . . Robot Hacks Applied . | . . . Relay Couplers Released . | . . . Fabnet Peak Effective % . | . . . Robots Rewired . | . . . Allies Hacked . | . . . Hacks Repelled . | . . . Allies | -11 -10 -10 -------- Run | Yrd Mat Min Total Allies 2 | . . 2 Largest Group 2 | . . 2 Highest-Rated Group 45 | . . 45 Highest-Rated Ally 31 | . . 31 Total Orders . | . . . Ally Attacks 10 | . . 10 Total Damage 161 | . . 161 Kills 2 | . . 2 Allies Corrupted . | . . . Allies Melted . | . . . Intel | -11 -10 -10 ------- Run | Yrd Mat Min Active Infowar (turns) 156 | . 156 . Terrain 156 | . 156 . Robot Analysis Total . | . . . Derelict Logs Recovered . | . . . Drone Launches . | . . . Drone Recoveries . | . . . Exploration | -11 -10 -10 ------------- Run | Yrd Mat Min Turns Passed 437 | 66 246 125 Spaces Moved 366 | 52 215 99 Core 3 | 3 . . Treads . | . . . Legs . | . . . Wheels 363 | 49 215 99 Hover . | . . . Flight . | . . . Fastest Speed 50 | 50 100 100 Average Speed 99 | 97 100 100 Slowest Speed 100 | 100 100 100 Overloaded Moves . | . . . Propulsion Burnouts . | . . . Robots Hopped . | . . . Potential Cave-ins . | . . . Cave-ins Triggered . | . . . Exploration Rate (%) 25 | 5 39 32 Regions Visited 2 Branch Regions 1 Pre-discovered Areas . | . . . Known Exits Taken . | . . . Unknown Exits Taken 2 | 1 1 . Scrap Searched 1 | . . 1 Spaces Dug . | . . . Terrain Destroyed 2 | . 2 . Melee . | . . . Projectile . | . . . AOE 2 | . 2 . Terrain Rammed . | . . . Walls Destroyed . | . . . Machines Disabled . | . . . Actions | -11 -10 -10 --------- Run | Yrd Mat Min Total 410 | 67 230 113 Wait 2 | . . 2 Move 364 | 51 214 99 Hop . | . . . Pick Up 15 | 8 4 3 Fast Attach . | . . . Attach 11 | 7 2 2 Detach 2 | 1 1 . Swap . | . . . Drop . | . . . Fire 16 | . 9 7 Melee . | . . . Ram . | . . . Kick . | . . . Crush . | . . . Escape Stasis . | . . . Rewire . | . . . Trap . | . . . Miscellaneous . | . . . Route ------- -11/Scrapyard -10/Materials (discovered 2 exits: [*Mat] / [*Min]) -10/Mines History --------- Turn | Location | Event 20 | -11/Scrapyard | Discovered new exit (range 15) 67 | -11/Scrapyard | Entered Materials 124 | -10/Materials | Discovered new exit (range 16) 159 | -10/Materials | Discovered new exit (range 16) 306 | -10/Materials | Build established: Mutant 313 | -10/Materials | Entered Mines 348 | -10/Mines | Found a Scrap Suit stashed away for nefarious purposes 350 | -10/Mines | Found Scrap Suit 391 | -10/Mines | Assembled infested the area 419 | -10/Mines | Core integrity fell below 50% 427 | -10/Mines | Met 8R-AWN 432 | -10/Mines | Core integrity fell below 20% 438 | -10/Mines | Destroyed by D-53 Grenadier with Mini Grenade Launcher Last Messages --------------- out here, anyway. 00429_ HV Slug penetrates Wall. 00429_ HV Slug penetrates as-27378. 00429_ HV Slug penetrates as-06730. 00429_ as-06730 suffers critical hit (Destroy). 00429_ as-06730 destroyed. 00429_ HV Slug penetrates Wall. 00430_ The unstable cave ceiling collapses. 00430_ Acquired 20 matter. 00431_ as-26041 destroyed. 00432_ HV Slug penetrates D-53 Grenadier. 00433_ Acquired 11 matter. 00434_ HV Slug penetrates D-53 Grenadier. 00434_ D-53 Grenadier suffers critical hit (Destroy). 00434_ HV Slug penetrates D-53 Grenadier. 00435_ The unstable cave ceiling collapses. 00436_ HV Slug penetrates Earth. 00437_ Earth collapses. 00437_ Acquired Wheel. Map ----- +----------------------------------------------------+ | ?????????????????????????????????????????????????? | | ?????????????????????????????????????????????????? | | ?????????????????????????????????????????????????? | | ?????????????????????????????????????????????????? | | ?????????????????????????????????????????????????? | | ?????????????????????????????????????????????????? | | ?????????????????????????????????????????????????? | | ?????????????????????????????????????????????????? | | ?????????????????????????????????????????????????? | | ?????????????????????????????????????????????????? | | ?????????????????????????????????????????????????? | | ?????????????????????????????????????????????????? | | ?????????????????????????????????????????????????? | | ?????????????????????????????????????????????????? | | ?????????????????????????????????????????????????? | | ?????????????????????????????????????????????????? | | ?????????????????????????????????????????????????? | | ?????????????????????????????????????????????????? | | ?????????????????????????????????????????????????? | | ?????????????????????????????????????????????????? | | ?????????????????????????????????????????????????? | | ?????????????????????????????????????????????????? | | ???????????????????????????##????????????????????? | | ?????????????????????????##;#######??????????????? | | ??????????????????????####*==* #??????????????? | | ???????????????????#### @=%*%= #??????????????? | | ???????????????????# % %%%=#### #??????????????? | | ???????????????#??## <% %a;#????????????????????? | | ???????????????# ?# g####????????????????????? | | ???????????????# ## % #???????????????????????? | | ???????????????# # #???????????????????????? | | ??????????????## #???????????????????????? | | ??????????????#" d ##??????????????????????? | | ??????????????#### d #??????????????????????? | | ????????????????## #??????????????????????? | | ???????????????## #??????????????????????? | | ???????????????# # #?????????????????????? | | ??????????????# ##?????????????????????? | | ????????????##" # #??????????????????????? | | ???????????## ###??????????????????????? | | ??????????## ###????????????????????????? | | ??????????# !%#??????????????????????????? | | ??????????# [ #??????????????????????????? | | ??????????# #??????????????????????????? | | ?????????## ##?????????????????????????? | | ????????## ##????????????????????????? | | ???????## #????????????????????????? | | ???##### ?????????????????????? | | ??## "%"?????????????????????? | | ??# # #####????????????????????? | +----------------------------------------------------+ Best States ------------- Heat Dissipation 25 Energy Generation 10 Energy Capacity 250 Matter Stores 300 Matter Capacity 300 Sight Range 16 Terrain Scan Range 14 Terrain Scan Density 10 Propulsion Shielding 33 Evasion (%) 40 Item Schematics ----------------- None Robot Schematics ------------------ None Fabricated ------------ Nothing Repaired ---------- Nothing Alien Tech Used ----------------- None Achievements -------------- None Challenges ------------ None Game ------ Seed ThrowingGravityGreatsword Manual? 0 Play Time 00:10:27 Cumulative 2.3 hours Start 2025.09.27 @ 13:53:52 End 2025.09.27 @ 14:01:40 Sessions 1 Manual Loads 0 Difficulty Rogue Special Mode None Game No. 10 Rogue 8 Adventurer 2 Explorer 0 Win Type - Total 0 Types 0/0/0/0/0/0/0/0/0/0 Lore% 2 Gallery% 8 Achievement% 6 Wizard Run 0 Options --------- Layout 1 ASCII 0 Keyboard 0 Movement Numpad Keybinds 0 Fullscreen 1 Font 24/Smallcaps Map View 50x35 Zoom Use 0% Tactical HUD 1 Map Filters NONE Filters NONE Steam 1 RUN: 71f2abb1-9630-45fc-b692-16adf216b968